 Dungeon Crawl Stone Soup version 0.29-a0-344-ge2f44be95a (webtiles) character file.

Game seed: 9510079673417019107

83 Agony the Shield-Bearer (level 4, -4/41 HPs)
             Began as a Minotaur Fighter on Apr 21, 2022.
             Slain by an orc warrior
             ... wielding a +0 scimitar
              (9 damage)
             ... on level 2 of the Dungeon.
             The game lasted 00:03:23 (1610 turns).

Agony the Shield-Bearer (Minotaur Fighter)          Turns: 1610, Time: 00:03:24

Health: -4/41      AC:  7    Str: 22    XL:     4   Next: 22%
Magic:  0/3        EV:  9    Int:  5    God:
Gold:   23         SH:  4    Dex: 10    Spells: 3/3 levels left

rFire   . . .      SeeInvis .   a - +0 long sword
rCold   . . .      Faith    .   c - +0 buckler
rNeg    . . .      Spirit   +   b - +0 scale mail
rPois   .          Reflect  .   (helmet restricted)
rElec   .          Harm     .   (no cloak)
rCorr   .          Rampage  .   (no gloves)
Will    .....                   (no boots)
Stlth   ..........              i - amulet of guardian spirit
HPRegen 0.13/turn               (no ring)
MPRegen 0.08/turn               (no ring)

@: no status effects
A: horns 2, retaliatory headbutt
a: no special abilities


You were on level 2 of the Dungeon.
You visited 1 branch of the dungeon, and saw 3 of its levels.

You collected 103 gold pieces.
You spent 80 gold pieces at shops.

Inventory:

Hand Weapons
 a - a +0 long sword (weapon)
Armour
 b - a +0 scale mail (worn)
 c - a +0 buckler (worn)
 k - a +0 pair of boots
Jewellery
 i - an amulet of guardian spirit (around neck)
 l - a +6 ring of intelligence
Scrolls
 f - 2 scrolls of teleportation
 g - a scroll of immolation {unknown}
 h - a scroll of identify
Potions
 d - a potion of might
 e - 3 potions of heal wounds {unknown}
 j - 2 potions of curing {unknown}


   Skills:
 + Level 4.3 Fighting
 + Level 3.3 Long Blades
 + Level 4.4 Armour
 + Level 4.4 Shields


You had 3 spell levels left.
You didn't know any spells.
Your spell library contained the following spells:

 Spells                   Type           Power      Damage    Failure   Level
 Sandblast                Erth           0%         2d4       87%         1
 Passwall                 Tmut/Erth      0%         N/A       95%         2
 Stone Arrow              Conj/Erth      0%         3d7       99%         3


Dungeon Overview and Level Annotations

Branches:
Dungeon (3/15)

Altars:

Shops:
D:2 *


Innate Abilities, Weirdness & Mutations

You have a pair of horns on your head.
You reflexively headbutt those who attack you in melee.


Message History

Done exploring.
Done exploring.
There is a stone staircase leading down here.
You climb downwards.
The orc priest shouts!
The orc shouts!
Found a green potion.
There is a stone staircase leading up here.
The orc priest hits you but does no damage.
The orc warrior barely misses you.
The orc priest invokes the aid of Beogh against you.
Beogh smites you!
You climb upwards.
There is a stone staircase leading down here.
You barely miss the orc priest.
The orc priest hits you but does no damage.
The orc priest mumbles some strange prayers to Beogh against you.
You barely resist. The orc warrior barely misses you.
You hit the orc priest.
The orc priest is moderately wounded.
The orc priest hits you with a +0 hand axe.
The orc priest hits you but does no damage.
You block the orc warrior's attack.
You barely miss the orc priest.
The orc priest is moderately wounded.
The orc priest hits you with a +0 hand axe.
The orc priest hits you but does no damage.
The orc warrior barely misses you.
You hit the orc priest but do no damage.
The orc priest is moderately wounded.
The orc priest hits you but does no damage.
The orc priest calls down the wrath of Beogh upon you.
Beogh smites you!
The orc warrior hits you with a +0 scimitar!
* * * LOW HITPOINT WARNING * * *
The orc priest hits you with a +0 hand axe.
* * * LOW HITPOINT WARNING * * *
The orc priest hits you with a +0 club.
* * * LOW HITPOINT WARNING * * *
The orc warrior hits you with a +0 scimitar!
You die...

############## ##########
.............####o.......##
................@o####....#
.###########.###o......8#.##
.##........#.# #.....#..#..#
.##.######.#.# #.#.#.8.∩.8.#
'##+####...#.# #.#.#.#.<####
...........#.###.#.....8#
.....####..#............#
.....# #..#####...#.####
+##### #.......<..#.#


You could see an orc warrior and 2 orc priests.

Vanquished Creatures
  2 adders (D:2)
  6 dart slugs
  2 worms (D:2)
  7 endoplasms
  A giant cockroach (D:2)
  5 goblins
  5 hobgoblins (D:1)
  4 jackals (D:1)
  2 kobolds (D:1)
  A quokka (D:1)
  A ball python (D:1)
  4 bats
  3 frilled lizards
  2 rats
45 creatures vanquished.

Notes
Turn   | Place    | Note
-------+----------+-------------------------------------------
     0 | D:1      | Agony the Minotaur Fighter began the quest for the Orb.
     0 | D:1      | Reached XP level 1. HP: 19/19 MP: 0/0
    75 | D:1      | Reached XP level 2. HP: 24/27 MP: 1/1
   330 | D:1      | Reached XP level 3. HP: 26/33 MP: 2/2
   535 | D:1      | Found a faded altar of an unknown god.
  1417 | D:2      | Reached XP level 4. HP: 40/40 MP: 3/3
  1526 | D:2      | Found Vohal's Assorted Antiques.
  1538 | D:2      | Bought a blackened agate ring for 80 gold pieces
  1604 | D:3      | Noticed an orc warrior
  1610 | D:2      | Slain by an orc warrior

Illustrated notes

Levels and vault maps discovered:
D:1:      giann_wishing_wells, layout_rooms,
          shapermc_ecumenical_altar_notcrosses, corexii_item_surrounded_by_moat
D:2:      layout_basic, serial_shops, nicolae_shop_statue_plus
D:3:      layout_basic, lemuel_round_altar, ebering_ghost_sewer_f,
          grunt_ministairs_4, uniq_ijyb

Skill      XL: |  1  2 |
---------------+-------+-----
Shields        | 4 |  4.4
Fighting       | 4 |  4.3
Armour         | 4 |  4.4
Long Blades    | 3 |  3.3

Action                   |  1- 3 |  4- 6 || total
-------------------------+-------+-------++-------
Melee: Long sword        |   101 |    10 ||   111
       Headbutt          |    13 |       ||    13
  Use: Scroll            |     3 |       ||     3
Armor: Scale mail        |    67 |     5 ||    72
Dodge: Dodged            |    48 |     9 ||    57
Block: Buckler           |    35 |     2 ||    37

Table legend: (Time is in decaauts)
 A = Elapsed time spent in this place.
 B = Non-inter-level travel time spent in this place.
 C = Inter-level travel time spent in this place.
 D = Time resting spent in this place.
 E = Time spent auto-exploring this place.
 F = Levels seen in this place.
 G = Mean time per level.
                   A        B        C        D        E       F      G
               +--------+--------+--------+--------+--------+-----+--------+
         Total |   1641 |   1581 |     60 |    188 |   1071 |   3 |  547.0 |
       Dungeon |   1641 |   1581 |     60 |    188 |   1071 |   3 |  547.0 |
               +--------+--------+--------+--------+--------+-----+--------+

Top non-repeatable levels by time:
     D:2: 1006 daAuts
     D:1: 633 daAuts
     D:3: 1 daAuts
